 Dungeon Crawl Stone Soup version 0.19.0 (webtiles) character file.

63 Gorglomux the Chiller (level 3, 0/26 HPs)
             Began as a Demigod Ice Elementalist on Nov 1, 2016.
             Succumbed to an adder's poison
             ... on level 2 of the Dungeon.
             The game lasted 00:05:08 (1643 turns).

Gorglomux the Chiller (Demigod Ice Elementalist)    Turns: 1643, Time: 00:05:09

Health: 0/26       AC:  2    Str: 11    XL:     3   Next: 61%
Magic:  1/9        EV: 12    Int: 21    God:
Gold:   78         SH:  0    Dex: 16    Spells: 2 memorised, 3 levels left

rFire  . . .     SeeInvis .     (no weapon)
rCold  . . .     Gourm    .     a - +0 robe
rNeg   . . .     Faith    .     (no shield)
rPois  .         Spirit   .     (no helmet)
rElec  .         Reflect  .     (no cloak)
rCorr  .         Harm     .     (no gloves)
MR     +....                    (no boots)
Stlth  ++........               (no amulet)
                                (no ring)
                                n - ring of protection from magic

@: lethally poisoned (0 -> -1)
A: high mp 1
a: no special abilities


You were on level 2 of the Dungeon.
You were not hungry.

You visited 1 branch of the dungeon, and saw 2 of its levels.

You collected 78 gold pieces.

Inventory:

Armour
 a - a +0 robe (worn)
Jewellery
 n - a ring of protection from magic (left hand)
Scrolls
 g - 2 scrolls of enchant armour {unknown}
 j - 5 scrolls of identify {unknown}
 l - 2 scrolls of fog {unknown}
 m - a scroll of amnesia {unknown}
 o - a scroll of immolation {unknown}
Potions
 e - a potion of mutation {unknown}
 h - a potion of might {unknown}
 i - a potion of haste {unknown}
 k - a potion of agility {unknown}
 q - 2 potions of cancellation {unknown}
 r - a potion of flight {unknown}
Books
 b - a book of Frost

   Spells                             Type                      Level
   a - Freeze                         Ice                          1
   b - Throw Frost                    Conjuration/Ice              2
   c - Ozocubu's Armour               Charms/Ice                   3
   d - Throw Icicle                   Conjuration/Ice              4
   e - Summon Ice Beast               Ice/Summoning                4
Comestibles
 c - a bread ration
 d - 3 chunks of flesh
 f - a beef jerky
 p - a slice of pizza


   Skills:
 - Level 1.7 Dodging
 - Level 1.7 Stealth
 + Level 2.4 Spellcasting
 + Level 1.0 Conjurations
 * Level 3.9 Ice Magic


You had 3 spell levels left.
You knew the following spells:

 Your Spells              Type           Power        Failure   Level  Hunger
a - Freeze                Ice            ###.         2%          1    None
b - Throw Frost           Conj/Ice       ##....       10%         2    ##.....


Dungeon Overview and Level Annotations

Branches:
Dungeon (2/15)


Innate Abilities, Weirdness & Mutations

You have an increased reservoir of magic. (+10% MP)


Message History

Aiming: Throw Frost
Press: ? - help, Shift-Dir - straight line, f - kobold
Aim: a kobold, wielding a whip The puff of frost misses the kobold.
The puff of frost misses the goblin.
You feel sick. The kobold closely misses you.
You feel sick.
The goblin shoots a stone.
The stone barely misses you.
The goblin shoots a stone.
The stone closely misses you.
You see here a stone.
You feel sick.
Casting: Throw Frost
Confirm with . or Enter, or press ? or * to list all spells.
Aiming: Freeze
Press: ? - help, Shift-Dir - straight line, f/p - kobold
Aim: a kobold, wielding a whip You freeze the kobold.
You kill the kobold!
The goblin shoots a stone.
The stone hits you.
* * * LOW HITPOINT WARNING * * *
You die...

#...# #.# ######## #...#
#.# #...# #...# #.#
#...# ########.# #...#
...<...#.# #####...#
####....# #........
#.....### ######.#######
#.##.######((......# #
#<...@()...g...#.# #.
#....)#####........# #..
###########.)......##..#
..............#..#
##########+##...##
###..## ##..# ### #.#..
#.# ##.#.


You could see a goblin.

Vanquished Creatures
  2 adders (D:2)
  An ooze (D:2)
  4 dart slugs
  A giant cockroach (D:1)
  7 hobgoblins
  5 bats
  4 frilled lizards
  6 kobolds
  2 rats
32 creatures vanquished.

Notes
Turn   | Place    | Note
-------+----------+-------------------------------------------
     0 | D:1      | Gorglomux the Demigod Ice Elementalist began the quest for the Orb.
     0 | D:1      | Reached XP level 1. HP: 14/14 MP: 5/5
    95 | D:1      | Reached skill level 3 in Ice Magic
   219 | D:1      | Reached XP level 2. HP: 16/20 MP: 4/7
   336 | D:1      | Learned a level 2 spell: Throw Frost
  1447 | D:2      | Reached XP level 3. HP: 26/26 MP: 3/9
  1616 | D:2      | Reached skill level 1 in Conjurations
  1642 | D:2      | HP: 1/26 [goblin/stone (5)]
  1643 | D:2      | Succumbed to an adder's poison

Skill      XL: |  1  2  3 |
---------------+----------+-----
Ice Magic      | 3 |  3.9
Spellcasting   | 2 |  2.4
Conjurations   | 1 |  1.0
Dodging        | |  1.7
Stealth        | |  1.7

Action                   || total
-------------------------++-------
Melee: Unarmed           ||     9
 Cast: Freeze            ||    51
       Throw Frost       ||     5
 Stab: Sleeping          ||     1
  Eat: Chunk             ||     3
Armor: Robe              ||     8
Dodge: Dodged            ||    34
